 Dungeon Crawl Stone Soup version 0.29-a0-477-g62b78b4225 (webtiles) character file.

Game seed: 10130260280120423216

16140 jlumianski the Slicer (level 12, 0/91 HPs)
             Began as a Demonspawn Fighter on May 22, 2022.
             Was an Elder of Wu Jian.
             Succumbed to a kobold brigand's curare-tipped dart
             ... on level 11 of the Dungeon on May 24, 2022.
             The game lasted 01:13:37 (14193 turns).

jlumianski the Slicer (Demonspawn Fighter)         Turns: 14193, Time: 01:13:38

Health: 0/91       AC: 21    Str: 23    XL:     12   Next: 7%
Magic:  0/12       EV: 17    Int: 11    God:    Wu Jian [****..]
Gold:   208        SH:  6    Dex: 18    Spells: 11/11 levels left

rFire   . . .      SeeInvis .   n - +10 dagger of Jaydghu {freeze, Will+ Dex+4}
rCold   + . .      Faith    .   c - +0 buckler
rNeg    . . .      Spirit   +   V - +2 troll leather armour {Snorg}
rPois   .          Reflect  .   (no helmet)
rElec   .          Harm     .   (no cloak)
rCorr   +          Rampage  .   w - +1 pair of gloves
Will    .....                   j - +2 pair of boots
Stlth   +++.......              s - amulet of guardian spirit
HPRegen 1.05/turn               S - +4 ring of protection
MPRegen 0.26/turn               U - ring of the Philosopher {+Blink rC+ Will- EV+4 Str+4}

@: lethally poisoned (0 -> -2), slowed, studying Dodging, very slow
A: yellow scales 3, spiny 2, magic shield, magic regeneration
a: Renounce Religion, Evoke Blink, Wall Jump, Serpent's Lash


You were on level 11 of the Dungeon.
You worshipped Wu Jian.
Wu Jian was greatly pleased with you.
You visited 2 branches of the dungeon, and saw 12 of its levels.
You also visited: Bailey.

You collected 1414 gold pieces.
You spent 1206 gold pieces at shops.

Inventory:

Hand Weapons
 n - the +10 dagger of Jaydghu (weapon) {freeze, Will+ Dex+4}
   (You found it on level 2 of the Dungeon)

   It freezes those it strikes, dealing additional cold damage.
   It can also slow down cold-blooded creatures.
   Dex:       It affects your dexterity (+4).
   Will:      It increases your willpower.
Missiles
 b - 10 curare-tipped darts
 g - 5 datura-tipped darts (quivered)
 i - 5 atropa-tipped darts
 t - 52 poisoned darts
 A - 7 boomerangs
 C - 12 throwing nets
Armour
 c - a +0 buckler (worn)
 j - a +2 pair of boots (worn)
 k - a +0 crystal plate armour
 w - a +1 pair of gloves (worn)
 P - +0 fire dragon scales
 V - a +2 troll leather armour (worn) {Snorg}
Magical Staves
 f - a staff of air
Jewellery
 e - a ring of flight
 s - an amulet of guardian spirit (around neck)
 x - a ring of positive energy
 D - an amulet of the acrobat
 F - a ring of fire
 H - a ring of fire
 L - a ring of see invisible
 S - a +4 ring of protection (left hand)
 T - a ring of willpower
 U - the ring of the Philosopher (right hand) {+Blink rC+ Will- EV+4 Str+4}
   (You found it on level 8 of the Dungeon)

   [ring of evasion]

   EV:        It affects your evasion (+4).
   Str:       It affects your strength (+4).
   rC:        It protects you from cold.
   +Blink:    It lets you blink.
   Will:      It decreases your willpower.
Wands
 y - a wand of charming (9)
 B - a wand of flame (29)
 I - a wand of paralysis (2)
 K - a wand of mindburst (7)
 R - a wand of acid (16)
Scrolls
 a - a scroll of identify
 h - 2 scrolls of summoning
 p - 3 scrolls of immolation
 q - 4 scrolls of teleportation
 r - a scroll of enchant weapon
 E - a scroll of amnesia
 J - 2 scrolls of blinking
 M - 3 scrolls of fear
 O - a scroll of poison
Potions
 d - 5 potions of might
 m - 2 potions of heal wounds
 o - 2 potions of cancellation
 u - a potion of berserk rage
 v - 2 potions of magic
 z - a potion of ambrosia
 G - 5 potions of curing
 N - a potion of invisibility
 Q - a potion of haste
 W - a potion of flight
Miscellaneous
 l - a phantom mirror (inert)


   Skills:
 + Level 7.1 Fighting
 - Level 10.2 Short Blades
 - Level 2.4 Axes
 + Level 9.2 Armour
 * Level 3.8 Dodging
 * Level 6.7 Stealth
 + Level 6.3 Shields
 * Level 6.1 Evocations


You had 11 spell levels left.
You didn't know any spells.
Your spell library contained the following spells:

 Spells                   Type           Power      Damage    Failure   Level
 Apportation              Tloc           0%         N/A       45%         1
 Magic Dart               Conj           0%         1d3       45%         1
 Necrotize                Necr           0%         1d4       45%         1
 Sting                    Tmut/Pois      0%         1d3       45%         1
 Summon Small Mammal      Summ           0%         N/A       45%         1
 Blink                    Tloc           0%         N/A       58%         2
 Poisonous Vapours        Pois/Air       0%         N/A       58%         2
 Scorch                   Fire           0%         2d5       58%         2
 Searing Ray              Conj           0%         2d4       58%         2
 Conjure Flame            Conj/Fire      0%         6-21      83%         3
 Dazzling Flash           Conj/Hex       0%         N/A       83%         3
 Frozen Ramparts          Ice            0%         1d2       83%         3
 Gell's Gravitas          Tloc           0%         N/A       83%         3
 Ignite Poison            Fire/Tmut/Pois 0%         N/A       83%         3
 Lesser Beckoning         Tloc           0%         N/A       83%         3
 Portal Projectile        Hex/Tloc       0%         N/A       83%         3
 Teleport Other           Tloc           0%         N/A       83%         3
 Tukima's Dance           Hex            0%         N/A       83%         3
 Animate Dead             Necr           0%         N/A       99%         4
 Flame Wave               Conj/Fire      0%         2d4       99%         4
 Fulminant Prism          Conj/Hex       0%         3d6       99%         4
 Ice Form                 Ice/Tmut       0%         N/A       99%         4
 Olgreb's Toxic Radiance  Pois           0%         N/A       99%         4
 Passage of Golubria      Tloc           0%         N/A       99%         4
 Sticky Flame             Conj/Fire      0%         2d3       99%         4
 Summon Ice Beast         Ice/Summ       0%         N/A       99%         4
 Agony                    Necr           0%         N/A       100%        5
 Blade Hands              Tmut           0%         N/A       100%        5
 Manifold Assault         Tloc           0%         N/A       100%        5
 Silence                  Hex/Air        0%         N/A       100%        5
 Yara's Violent Unravell  Hex/Tmut       0%         3d3       100%        5
 Dispersal                Tloc           0%         N/A       100%        6
 Summon Cactus Giant      Summ           0%         N/A       100%        6
 Haunt                    Necr/Summ      0%         N/A       100%        7
 Infestation              Necr           0%         N/A       100%        8


Dungeon Overview and Level Annotations

Branches:
Dungeon (11/15)            Temple (1/1) D:6            Lair (0/6) D:8
    Orc (0/2) D:10         Bailey (visited)

Altars:
Cheibriados
Fedhas
Hepliaklqana
Kikubaaqudgha
Makhleb
Nemelex Xobeh
Okawaru
Qazlal
Wu Jian
Yredelemnul

Shops:
D:3 *   D:6 :!(*   D:7 **

Annotations:
D:6 2 transporters
D:11 CowFu's ghost, journeyman DDNe


Innate Abilities, Weirdness & Mutations

You are completely covered in yellow scales. (AC +4, rCorr)
You are mostly covered in sharp spines.
When hurt, damage is shared between your health and your magic reserves.
You regenerate magic rapidly.


Message History

There is an open door here.
You hit CowFu's ghost but do no damage.
You feel sick. CowFu's ghost barely misses you.
You completely miss CowFu's ghost.
You feel sick.
You hit CowFu's ghost but do no damage.
You feel sick.
CowFu's ghost hits you but does no damage.
You hit CowFu's ghost but do no damage.
You feel sick. CowFu's ghost misses you.
You hit CowFu's ghost.
CowFu's ghost is lightly damaged.
You feel sick.
CowFu's ghost whispers, "They're coming for you..."
CowFu's ghost hits you!!
* * * LOW HITPOINT WARNING * * *
x2 You barely miss CowFu's ghost.
CowFu's ghost is lightly damaged.
You feel sick. CowFu's ghost barely misses you.
You hit CowFu's ghost but do no damage.
CowFu's ghost is lightly damaged.
You feel sick.
You closely miss CowFu's ghost.
CowFu's ghost is lightly damaged.
CowFu's ghost is struck by your spines. CowFu's ghost hits you!
* * * LOW HITPOINT WARNING * * *
x2 You blink.
You feel sick.
You are no longer poisoned.
You feel stable enough to blink again.
The kobold brigand throws a curare-tipped dart.
The curare-tipped dart hits you.
You are poisoned.
You have difficulty breathing.
* * * LOW HITPOINT WARNING * * *
You feel as though you will be slow longer.
The kobold brigand throws a curare-tipped dart.
The curare-tipped dart barely misses you.
You feel much better.
You feel very sick. CowFu's ghost attacks as you move away!
CowFu's ghost hits you!!
* * * LOW HITPOINT WARNING * * *
x2 You die...

#######............###..'.
#..................'..K.'.
#.#####........K...####.#.
#.# #.......K....# #.## #.#
#...)........# #..#
#.#####.........#### ####
#.#.............#
#.#........W....#
###.#......@################
#..>......).................
#..#############.......((.##
#..# #...<##.......>.)....
#..# #....##)#.......)(...
#..# #....##.#....#####...
#..#####!.))##)#..).# #...
#..##.......##.#....# #...
#..##........).#....# ####


You could see 2 kobold brigands and CowFu's ghost.

Vanquished Creatures
  Snorg (D:11)
  A fire dragon (D:8)
  A centaur warrior (D:11)
  A two-headed ogre (D:9)
  Lodul (D:11)
  Pikel (D:5)
  An ugly thing (D:11)
  2 kobold demonologists (D:11)
  An unseen horror (D:10)
  The ghost of GayMysterio the Geomancer, a novice GrEE (D:5)
  3 trolls (D:11)
  2 hornets
  A shadow (D:10)
  3 wyverns
  A vampire (D:10)
  14 yaks
  2 steam dragons
  Menkaure (D:5)
  A water moccasin (Temple)
  The ghost of BeAPotato the Magician, an amateur OpFE (D:4)
  An acid dragon (D:11)
  6 orc warriors
  2 ice beasts
  9 ogres
  4 wolves (Bailey)
  9 centaurs
  A phantom (D:5)
  A bullfrog (D:8)
  10 kobold brigands
  Blork the orc (D:6)
  A wyvern zombie (D:4)
  9 gnoll sergeants (Bailey)
  3 scorpions
  A wyvern skeleton (D:4)
  12 wights
  4 electric eels (D:10)
  4 howler monkeys
  A centaur zombie (D:4)
  7 hounds
  5 orc priests
  8 gnoll shamans
  A bullfrog skeleton (D:4)
  Ijyb (D:4)
  3 iguanas
  11 orc wizards
  29 gnolls
  11 adders
  A shadow imp (D:6)
  A white imp (D:8)
  An ufetubus (D:6)
  3 worms
  3 dart slugs (D:1)
  40 orcs
  9 ball pythons
  7 endoplasms
  6 giant cockroaches
  7 hobgoblins
  4 jackals (D:4)
  27 kobolds
  5 quokkas
  8 bats
  2 frilled lizards
  10 goblins
  10 rats
  A spectral kobold (D:1)
340 creatures vanquished.

Notes
Turn   | Place    | Note
-------+----------+-------------------------------------------
     0 | D:1      | jlumianski the Demonspawn Fighter began the quest for the
                  | Orb.
     0 | D:1      | Reached XP level 1. HP: 18/18 MP: 1/1
    94 | D:1      | Upgraded the game from 0.29-a0-472-ge5599a681e to
                  | 0.29-a0-477-g62b78b4225
   111 | D:1      | Gained mutation: You are partially covered in sharp spines.
                  | [demonic ancestry]
   111 | D:1      | Reached XP level 2. HP: 22/24 MP: 2/2
   264 | D:1      | Found a faded altar of an unknown god.
   546 | D:1      | Reached XP level 3. HP: 27/29 MP: 3/3
   785 | D:2      | Identified the +10 dagger of Jaydghu {freeze, Will+ Dex+4}
  1060 | D:2      | Found an ancient bone altar of Kikubaaqudgha.
  1233 | D:2      | Gained mutation: You are partially covered in yellow
                  | scales. (AC +2) [demonic ancestry]
  1233 | D:2      | Reached XP level 4. HP: 35/35 MP: 4/4
  1529 | D:2      | Reached skill level 1 in Short Blades
  2137 | D:3      | Found Qirchy's Assorted Antiques.
  2150 | D:3      | Gained mutation: You are mostly covered in sharp spines.
                  | [demonic ancestry]
  2150 | D:3      | Reached XP level 5. HP: 42/42 MP: 5/5
  2705 | D:4      | Reached skill level 2 in Short Blades
  2711 | D:5      | Entered Level 5 of the Dungeon
  2810 | D:5      | Gained mutation: You are mostly covered in yellow scales.
                  | (AC +3) [demonic ancestry]
  2810 | D:5      | Reached XP level 6. HP: 43/48 MP: 4/6
  2846 | D:4      | Found a transporter.
  2848 | D:4      | Noticed BeAPotato's ghost (amateur OpFE)
  2869 | D:4      | Noticed Ijyb
  2883 | D:4      | Killed Ijyb
  2969 | D:4      | Reached skill level 3 in Short Blades
  3140 | D:4      | Found a transporter.
  3536 | D:4      | Reached XP level 7. HP: 47/54 MP: 7/7
  3587 | D:4      | Killed BeAPotato's ghost
  3588 | D:4      | Reached skill level 4 in Short Blades
  3642 | D:5      | Noticed a yak
  3642 | D:5      | Noticed a yak
  3642 | D:5      | Noticed a yak
  3657 | D:5      | Killed a yak
  3658 | D:5      | Reached skill level 5 in Armour
  3660 | D:5      | Noticed a yak
  3662 | D:5      | Killed a yak
  3663 | D:5      | Reached skill level 5 in Short Blades
  3668 | D:5      | Killed a yak
  3669 | D:5      | Gained mutation: You regenerate magic rapidly. [demonic
                  | ancestry]
  3669 | D:5      | Reached XP level 8. HP: 55/60 MP: 8/8
  3687 | D:5      | Reached skill level 6 in Short Blades
  3694 | D:5      | Noticed Pikel
  3697 | D:5      | Reached skill level 1 in Stealth
  3705 | D:5      | Killed Pikel
  3706 | D:5      | Reached skill level 7 in Short Blades
  3839 | D:5      | Found a runed translucent door.
  3841 | D:5      | Noticed GayMysterio's ghost (novice GrEE)
  3853 | D:5      | Gained mutation: You are completely covered in yellow
                  | scales. (AC +4, rCorr) [demonic ancestry]
  3853 | D:5      | Reached XP level 9. HP: 66/66 MP: 9/9
  4503 | D:5      | Noticed Menkaure
  4519 | D:5      | Killed Menkaure
  4520 | D:5      | Reached skill level 1 in Evocations
  5009 | D:5      | Killed GayMysterio's ghost
  5010 | D:5      | Reached skill level 1 in Dodging
  5121 | D:6      | Noticed Blork the orc
  5130 | D:6      | Killed Blork the orc
  5141 | D:6      | Found Igyw Gaoma's Book Boutique.
  5187 | D:6      | Found a transporter.
  5204 | D:6      | Found a transporter.
  5223 | D:6      | Found a staircase to the Ecumenical Temple.
  5244 | Temple   | Entered the Ecumenical Temple
  5263 | Temple   | Became a worshipper of the Wu Jian Council
  5415 | Temple   | Reached skill level 5 in Fighting
  5415 | Temple   | Reached skill level 8 in Short Blades
  5812 | D:6      | Found Tamuluw's General Store.
  5818 | D:6      | Bought a scroll of blinking for 90 gold pieces
  5934 | D:6      | Found Vuwuor's Distillery.
  6126 | D:6      | Found Muyf's Weapon Emporium.
  6201 | D:6      | Bought a potion of heal wounds for 60 gold pieces
  6570 | D:7      | Reached * piety under Wu Jian
  6621 | D:7      | Reached XP level 10. HP: 74/74 MP: 10/10
  6697 | D:7      | Found Fesyd's Specific Store.
  6700 | D:7      | Found Yjour's General Store.
  6761 | D:7      | Found a blossoming altar of Fedhas.
  6762 | D:7      | Found a burning altar of Makhleb.
  7254 | D:8      | Found a basalt altar of Yredelemnul.
  7420 | D:8      | Reached skill level 5 in Shields
  7536 | D:8      | Noticed a fire dragon
  7570 | D:8      | Killed a fire dragon
  7754 | D:8      | Found a staircase to the Lair.
  7881 | D:8      | Found a stormy altar of Qazlal.
  7951 | D:8      | Reached skill level 9 in Short Blades
  8204 | D:8      | Found a runed translucent gate.
  8204 | D:8      | Found a runed translucent gate.
  8204 | D:8      | Found a runed translucent gate.
  8206 | D:8      | Found a hazy altar of Hepliaklqana.
  8207 | D:8      | Found a sparkling altar of Nemelex Xobeh.
  8217 | D:8      | Noticed a white ugly thing
  8217 | D:8      | Noticed a brown ugly thing
  8217 | D:8      | Noticed a purple ugly thing
  8219 | D:8      | Noticed a purple ugly thing
  8219 | D:8      | Noticed a cyan ugly thing
  8307 | D:8      | Identified the ring of the Philosopher {+Blink rC+ Will-
                  | EV+4 Str+4}
  8412 | D:8      | HP: 3/74 [white ugly thing (26)]
  8835 | D:8      | Reached ** piety under Wu Jian
  9431 | D:9      | Noticed a two-headed ogre
  9446 | D:9      | Killed a two-headed ogre
  9447 | D:9      | Reached skill level 5 in Stealth
  9447 | D:9      | Gained mutation: When hurt, damage is shared between your
                  | health and your magic reserves. [demonic ancestry]
  9447 | D:9      | Reached XP level 11. HP: 42/81 MP: 6/11
  9731 | D:10     | Entered Level 10 of the Dungeon
  9742 | D:10     | Found a flagged portal.
  9766 | Bailey   | Entered a bailey
 10131 | Bailey   | Reached *** piety under Wu Jian
 10148 | Bailey   | Reached skill level 10 in Short Blades
 10812 | D:10     | Paralysed by a hornet for 2 turns
 11113 | D:10     | Reached skill level 5 in Evocations
 11505 | D:10     | Reached **** piety under Wu Jian
 11916 | D:10     | Found a staircase to the Orcish Mines.
 12474 | D:11     | Noticed Lodul
 12667 | D:11     | Killed Lodul
 12762 | D:11     | Noticed a purple ugly thing
 12772 | D:11     | Killed a purple ugly thing
 13063 | D:6      | Bought a +4 ring of protection for 432 gold pieces
 13063 | D:6      | Bought a scroll of acquirement for 624 gold pieces
 13065 | D:6      | Acquired a manual of Dodging
 13276 | D:11     | Found a runed translucent gate.
 13276 | D:11     | Found a runed translucent gate.
 13277 | D:11     | Found a runed translucent gate.
 13277 | D:11     | Noticed CowFu's ghost (journeyman DDNe)
 13320 | D:11     | Noticed a centaur warrior
 13328 | D:11     | Killed a centaur warrior
 13426 | D:11     | Noticed Snorg
 13442 | D:11     | Killed Snorg
 13977 | D:11     | Noticed a soul eater
 14036 | D:11     | Noticed a soul eater
 14046 | D:11     | Reached XP level 12. HP: 74/91 MP: 9/12
 14193 | D:11     | HP: 2/91 [CowFu's ghost (4)]
 14193 | D:11     | Succumbed to a kobold brigand's curare-tipped dart

Illustrated notes

Levels and vault maps discovered:
D:1:      dpeg_arrival_ratfight, layout_basic,
          dreamdust_ecumenical_altar_drowned_temple
D:2:      layout_basic, basic_altar, grunt_ministairs_8, hex_medium,
          minmay_misc_feat_iff, corexii_corridor_pit, nrook_campfire,
          grunt_decor_mini_mirrors, minmay_misc_feat_pillars, kennysheep_nub,
          glass_columns_a
D:3:      layout_loops_cross, serial_shops, shop
D:4:      layout_loops_ring, gammafunk_ghost_mausoleum, kennysheep_dice,
          uniq_ijyb
D:5:      layout_loops_ring, ebering_ghost_reflecting_pool, water_maze_lemuel,
          uniq_pikel, uniq_menkaure
D:6:      gammafunk_steamed_eel, layout_basic, minmay_temple_entry_arrows,
          serial_shops, nicolae_shop_hallway_plus, nicolae_shop_statue_plus,
          nicolae_shop_bloodbath_and_beyond, shop_fountains,
          kennysheep_opposing_triangles, uniq_blork_the_orc
D:7:      layout_basic, gammafunk_temple_overflow_pools, nicolae_specific_store
D:8:      layout_cave_pods, mainiacjoe_overflow_small_starburst,
          kennysheep_mini_moat, gammafunk_temple_overflow_statue,
          minmay_lair_entry_lava, ploomutoo_gammafunk_ghost_potion_laboratory
D:9:      layout_rooms
D:10:     layout_basic, erik_orc_2, lightli_bailey_entry_fortress
D:11:     layout_basic, gammafunk_ghost_nasty_kobolds, uniq_lodul, uniq_snorg
Temple:   regret_index_temple_sphere_string

Skill      XL: |  1  2  3  4  5  6  7  8  9 10 11 |
---------------+----------------------------------+-----
Axes           | 2 |  2.4
Armour         | 3 4 5 6 7 9 |  9.2
Shields        | 3 4 5 6 |  6.3
Short Blades   | 1 2 3 5 7 8 9 10 | 10.2
Fighting       | 4 5 7 |  7.1
Stealth        | 1 3 5 6 |  6.7
Evocations     | 2 4 6 |  6.1
Dodging        | 1 3 |  3.8

Action                   |  1- 3 |  4- 6 |  7- 9 | 10-12 || total
-------------------------+-------+-------+-------+-------++-------
Melee: War axe           |    58 |       |       |       ||    58
       Dagger            |    17 |    91 |   188 |   764 ||  1060
Invok: Lunge             |       |       |    18 |    76 ||    94
       Whirlwind         |       |       |       |    88 ||    88
       Serpent's Lash    |       |       |       |     1 ||     1
 Abil: Wall Jump         |       |       |       |    20 ||    20
       Evoke Blink       |       |       |       |     3 ||     3
Evoke: Phantom mirror    |       |       |       |     1 ||     1
       Wand              |       |       |       |     1 ||     1
  Use: Scroll            |     5 |     5 |     8 |     8 ||    26
       Potion            |       |       |     1 |     3 ||     4
 Stab: Sleeping          |       |       |       |     1 ||     1
Armor: Scale mail        |    13 |       |       |       ||    13
       Plate armour      |    34 |    58 |    82 |    31 ||   205
       Fire dragon scale |       |       |       |   100 ||   100
       Crystal plate arm |       |       |       |   125 ||   125
       Troll leather arm |       |       |       |    19 ||    19
Dodge: Dodged            |    22 |    18 |    30 |   237 ||   307
Block: Buckler           |    15 |    27 |    38 |   139 ||   219

Table legend: (Time is in decaauts)
 A = Elapsed time spent in this place.
 B = Non-inter-level travel time spent in this place.
 C = Inter-level travel time spent in this place.
 D = Time resting spent in this place.
 E = Time spent auto-exploring this place.
 F = Levels seen in this place.
 G = Mean time per level.
                   A        B        C        D        E       F      G
               +--------+--------+--------+--------+--------+-----+--------+
         Total |  14047 |  13625 |    422 |   1668 |   7155 |  13 | 1080.5 |
       Dungeon |  12751 |  12329 |    422 |   1000 |   7065 |  11 | 1159.2 |
        Temple |    276 |    276 |      0 |    213 |      0 |   1 |  276.0 |
        Bailey |   1020 |   1020 |      0 |    455 |     90 |   1 | 1020.0 |
               +--------+--------+--------+--------+--------+-----+--------+

Top non-repeatable levels by time:
    D:10: 1721 daAuts
     D:8: 1560 daAuts
     D:5: 1415 daAuts
     D:6: 1316 daAuts
    D:11: 1234 daAuts
     D:9: 1129 daAuts
     D:4: 1039 daAuts
     D:1: 1032 daAuts
  Bailey: 1020 daAuts
     D:2: 950 daAuts
     D:7: 738 daAuts
     D:3: 613 daAuts
  Temple: 276 daAuts
